[gd_scene load_steps=15 format=2]

[ext_resource path="res://gameplay/entity/Entity.tscn" type="PackedScene" id=1]
[ext_resource path="res://gameplay/property/lifeform/Organic.tscn" type="PackedScene" id=2]
[ext_resource path="res://gameplay/property/sensor/AreaSensor.gd" type="Script" id=3]
[ext_resource path="res://gameplay/property/desctructible/Destructible.tscn" type="PackedScene" id=4]
[ext_resource path="res://gameplay/property/status/rooted/Rooted.tscn" type="PackedScene" id=5]
[ext_resource path="res://gameplay/effect/SenseEffect.gd" type="Script" id=7]
[ext_resource path="res://gameplay/entity/creature/spider/Webbed.tscn" type="PackedScene" id=11]
[ext_resource path="res://asset/sprite/colored_transparent_packed.png" type="Texture" id=12]
[ext_resource path="res://gameplay/effect/DestroyEffect.gd" type="Script" id=13]
[ext_resource path="res://gameplay/entity/creature/spider/WebImmunity.tscn" type="PackedScene" id=15]
[ext_resource path="res://gameplay/common/MovementProfile.gd" type="Script" id=16]
[ext_resource path="res://gameplay/spell/statis-field/SlowsEntitiesInside.gd" type="Script" id=17]

[sub_resource type="AtlasTexture" id=1]
atlas = ExtResource( 12 )
region = Rect2( 592, 176, 16, 16 )

[sub_resource type="Resource" id=2]
resource_local_to_scene = true
resource_name = "MovementProfile"
script = ExtResource( 16 )
mask = 7
operation = 0

[node name="StickyWeb" instance=ExtResource( 1 )]
texture = SubResource( 1 )
entity_name = "Sticky Web"
movement_profile = SubResource( 2 )

[node name="Sticky" type="Node2D" parent="." index="0"]
script = ExtResource( 3 )
INFO = "sticky"
radius = 1

[node name="SticksEntitiesNearby" type="Node" parent="Sticky" index="0"]
script = ExtResource( 17 )
EFFECT_TYPES = [ ExtResource( 7 ), ExtResource( 13 ) ]
PROCESSES_EFFECT = true
status_scn = ExtResource( 11 )

[node name="Organic" parent="." index="1" instance=ExtResource( 2 )]

[node name="Destructible" parent="." index="2" instance=ExtResource( 4 )]
max_hp = 1

[node name="Rooted" parent="." index="3" instance=ExtResource( 5 )]
visible = false
DURATION = -1

[node name="WebImmunity" parent="." index="4" instance=ExtResource( 15 )]
